AoeStats
← EMPEROR98265292

Arabian Desert

510256004Analyzed
1v1 RM · 2d ago on Sep 30, 2026· 29m 35s· 2 players
Game mode
Random Map
Map size
Tiny (2 player)
Population
200
Speed
Normal
Resources
Standard
Victory
Conquest
Starting age
Dark Age
Ending age
Imperial Age
RankedLock teamsTeams togetherTeam positionsShared explorationLock speedFull tech treeHidden civsTurbo modeCheats
Victory
Defeat
🇮🇳 Magyars · India
1440
+13
🇺🇸 Armenians · United States
1380
-13
RumuRaisin
10:18 Feudal Age
10:19 Man-at-Arms
11:41 Wheelbarrow
12:09 Loom
12:15 Long Swordsman
28:13 Fletching
EMPEROR98265292
5:03 Loom
9:05 Feudal Age
24:25 Fletching
25:42 Padded Archer Armor
28:40 Castle Age
28:52 Crossbowman
Connection lost

Rejoining the realm…

Still unreachable

The connection could not be restored.

Session expired

The server has moved on; the page needs a fresh start.